Map: Orbital Shipyard

Players

Krob - Winner!

  • Race: Zerg Zerg
  • League: Gold

LilDicky

  • Race: Terran Terran
  • League: Diamond

VOD

http://www.twitch.tv/tumescentpie

Description

Time

  • Played on: Dec. 6, 2015, 5:24 p.m.
  • Length: 6:47
Show
View Real Time Build Order
Export as new Build Order

Krob Zerg - Winner!

Build Orders: Hatch First 

Get SALT Encoding   

  12  0:01  Drone  
  13  0:12  Overlord  
  13  0:27  Drone  
  14  0:31  Drone x2  
  16  0:38  Drone  
  17  0:49  Drone  
  18  0:57  Hatchery  
  17  1:12  Spawning Pool  
  17  1:16  Drone  
  17  1:17  Drone  
  18  1:28  Drone  
  18  1:31  Extractor  
  18  1:32  Drone  
  19  1:59  Queen  
  19  2:01  Zergling x2  
  22  2:04  Overlord  
  22  2:05  Overlord  
  22  2:18  Drone  
  22  2:19  Drone, Queen  
  26  2:25  Drone x2  
  26  2:28  Extractor  
  27  2:40  Drone x2  
  29  2:49  Drone  
  29  2:50  Drone  
  31  3:07  Roach Warren  
  31  3:09  Drone  
  31  3:12  Lair  
  31  3:14  Queen  
  31  3:15  Drone  
  31  3:16  Drone x3  
  31  3:19  Drone  
  38  3:24  Overlord  
  38  3:37  Spore Crawler  
  38  3:40  Drone  
  38  3:42  Drone  
  38  3:46  Drone x3  
  38  3:47  Drone  
  43  3:51  Overlord  
  43  3:52  Spore Crawler  
  42  4:10  Roach x6  
  54  4:19  Glial Reconstitution  
  54  4:23  Roach  
  60  4:24  Roach x2  
  60  4:30  Hydralisk Den  
  59  4:40  Overlord x3  
  59  4:52  Roach  
  59  4:53  Roach  
  59  4:55  Roach  
  59  5:05  Roach x5  
  69  5:20  Overseer  
  69  5:24  Roach x2  
  73  5:36  Roach x2  
  77  5:46  Roach x3  
  71  6:03  Roach x3  
  74  6:12  Extractor  
  74  6:15  Extractor  
  74  6:17  Overlord x3  
  80  6:35  Ravager  
Show
View Real Time Build Order
Export as new Build Order

LilDicky Terran 

Build Orders: Command Center First (CC) 

Get SALT Encoding   

  12  0:02  SCV  
  14  0:14  SCV  
  14  0:26  SCV  
  15  0:53  Command Center  
  15  1:25  Supply Depot  
  15  2:05  SCV  
  16  2:09  Barracks  
  16  2:11  Barracks  
  16  2:12  Barracks  
  16  2:17  SCV  
  17  2:25  Barracks  
  17  2:29  SCV  
  18  2:39  Barracks  
  18  2:41  SCV  
  19  2:53  Barracks  
  20  2:59  Marine x3  
  20  3:03  Orbital Command  
  22  3:17  Marine x2  
  22  3:18  Marine x2  
  26  3:29  SCV, Marine  
  28  3:35  Marine x2  
  28  3:36  Marine x2  
  28  3:39  Marine  
  28  3:41  SCV  
  34  3:45  Barracks  
  34  3:47  Marine  
  35  3:52  Marine  
  35  3:53  SCV  
  35  3:55  Marine  
  38  4:01  Supply Depot  
  38  4:05  Marine  
  38  4:11  Marine  
  38  4:12  Marine  
  38  4:15  Marine  
  38  4:17  Marine  
  38  4:19  Marine  
  38  4:23  Marine  
  38  4:29  Marine  
  38  4:30  SCV, Marine  
  39  4:33  Marine  
  39  4:34  Marine x2  
  39  4:37  Marine  
  40  4:41  Marine  
  36  4:59  Marine x7  
  33  5:12  SCV  
  34  5:16  Marine  
  34  5:17  Marine  
  34  5:18  Marine x2  
  34  5:19  Marine  
  39  5:24  Marine  
  39  5:26  SCV  
  41  5:31  Marine  
  42  5:39  Supply Depot  
  31  6:01  Marine  
  31  6:02  Marine  
  29  6:04  Marine x3  
  29  6:05  Marine x2  
  29  6:07  SCV  
  35  6:19  SCV, Marine x2  
  35  6:22  Marine x3  
  41  6:28  Marine  
  41  6:31  SCV  
Tags
 
Add a new tag
Caveats
  • Supply blocks, unpowered buildings, or Contaminate may cause inaccurate times.
  • Supply counts are checked every 10 seconds.